 Dungeon Crawl Stone Soup version 0.19.4-10-g532645f (webtiles) character file.

17808 nventous the Bludgeoner (level 12, 0/108 HPs)
             Began as a Minotaur Berserker on Feb 23, 2017.
             Was a High Priest of Trog.
             Slain by an ogre
             ... wielding a +0 giant club
              (18 damage)
             ... on level 2 of the Orcish Mines.
             The game lasted 00:50:40 (10012 turns).

nventous the Bludgeoner (Minotaur Berserker)       Turns: 10012, Time: 00:50:40

Health: 0/108      AC: 21    Str: 23    XL:     12   Next: 22%
Magic:  11/11      EV: 14    Int:  4    God:    Trog [*****.]
Gold:   835        SH:  0    Dex: 14    Spells: 0 memorised, 11 levels left

rFire  . . .     SeeInvis .     B - +0 flail
rCold  . . .     Gourm    .     N - +3 chain mail
rNeg   . . .     Faith    .     (no shield)
rPois  .         Spirit   .     (helmet restricted)
rElec  .         Reflect  .     (no cloak)
rCorr  .         Harm     .     j - +2 pair of gloves
MR     ++...                    V - +2 pair of boots {Fly}
Stlth  ..........               (no amulet)
                                (no ring)
                                u - +1 ring of evasion

@: exhausted, flying, regenerating, slowed, very slow
A: retaliatory headbutt, horns 2
a: Berserk, Trog's Hand, Brothers in Arms, Burn Spellbooks, Renounce Religion,
Stop Flying


You were on level 2 of the Orcish Mines.
You worshipped Trog.
Trog was extremely pleased with you.
You were very hungry.

You visited 2 branches of the dungeon, and saw 12 of its levels.
You also visited: Ossuary.

You collected 1096 gold pieces.
You spent 261 gold pieces at shops.

Inventory:

Hand Weapons
 o - a +2 morningstar
 A - a +0 vampiric whip
 B - a +0 flail (weapon)
 E - a +2 mace of holy wrath
 U - a +0 flail of holy wrath
 Y - a +3 antimagic dire flail
Armour
 j - a +2 pair of gloves (worn)
 N - a +3 chain mail (worn)
 V - a +2 pair of boots of flying (worn)
Magical Staves
 T - an uncursed staff of poison {unknown}
Jewellery
 u - a +1 ring of evasion (left hand)
Wands
 a - a wand of iceblast (8/15)
 b - a wand of polymorph (7/24)
 c - a wand of slowing (9/48)
 y - a wand of digging (10/24)
 G - a wand of digging (14/24)
 H - a wand of flame (26/48)
 K - a wand of random effects (30/48)
Scrolls
 e - 4 scrolls of enchant weapon {unknown}
 g - a scroll of amnesia {unknown}
 h - 2 scrolls of teleportation {unknown}
 l - 2 scrolls of fear {unknown}
 r - a scroll of magic mapping {unknown}
 z - a scroll of immolation {unknown}
 D - 2 scrolls of blinking {unknown}
 F - a scroll of random uselessness {unknown}
 I - a scroll of summoning {unknown}
 P - 2 scrolls of brand weapon {unknown}
 Q - a scroll of remove curse
 W - a scroll of torment {unknown}
Potions
 d - a potion of cancellation {unknown}
 f - a potion of resistance {unknown}
 i - 3 potions of heal wounds {unknown}
 k - 3 potions of lignification
 p - a potion of brilliance {unknown}
 q - 2 potions of flight {unknown}
 s - 4 potions of might
 t - 3 potions of haste {unknown}
 w - a potion of magic {unknown}
 x - a potion of cure mutation {unknown}
 C - a potion of agility {unknown}
 L - 6 potions of degeneration {unknown}
 M - a potion of curing {unknown}
 O - a potion of invisibility {unknown}
 R - a potion of berserk rage {unknown}
Miscellaneous
 S - a fan of gales
Comestibles
 m - 14 fruits
 n - a bread ration
 v - 10 chunks of flesh
 J - 2 beef jerkies


   Skills:
 + Level 10.9 Fighting
 - Level 15.7 Maces & Flails
 + Level 10.6 Armour
 + Level 9.7 Dodging


You had 11 spell levels left.
You didn't know any spells.

Dungeon Overview and Level Annotations

Branches:
Dungeon (10/15)            Temple (0/1) D:4            Lair (0/6) D:8
    Orc (2/2) D:10            Elf (0/3) Orc:2

Altars:
Cheibriados
Elyvilon
Hepliaklqana

Shops:
D:5 :((}   Orc:2 =([?


Innate Abilities, Weirdness & Mutations

You reflexively headbutt those who attack you in melee.
You have a pair of horns on your head.


Message History

The iceblast engulfs the ogre.
The ogre is severely wounded.
The iceblast engulfs your ogre.
You kill your ogre!
Your ogre's corpse disappears in a puff of smoke!
The iceblast engulfs the ogre.
The ogre is severely wounded.
The iceblast engulfs you!
* * * LOW HITPOINT WARNING * * *
The iceblast engulfs the ogre.
The ogre is heavily wounded.
Evoking this partially-identified wand wasted a few charges.
You feel the effects of Trog's Hand fading.
You hear a shout! x2; You hear some strange, mumbled words.
You feel as though you will be slow longer.
The ogre completely misses you.
The ogre hits you with a giant spiked club!
* * * LOW HITPOINT WARNING * * *
Something hits you but does no damage. The ogre hits you with a giant club!!
You die...

.......................
.......#................
........................
........................
.......).............O..
........................
................).......
..............))).......
.......########§@######
......## #....O{OO....#
......# ......OO.......
......# ...............
..... ......∩∩.......
..... ......∩∩.......
..... ...............
...#. ...............
.###


You could see 6 ogres.

Vanquished Creatures
  An ogre mage (Orc:2)
  A centaur warrior (D:9)
  A skeletal warrior (D:9)
  An unseen horror (D:9)
  2 hill giants (D:10)
  An orc knight (Orc:2)
  Joseph (D:8)
  Maurice (D:9)
  The ghost of lolicon the Cruncher, a novice MiGl of Okawaru (D:6)
  The ghost of Kosschaser the Bolt Thrower, a novice KoHu (D:3)
  3 trolls (Orc:2)
  10 two-headed ogres
  A hippogriff (D:10)
  Sigmund (D:2)
  Eustachio (D:4)
  3 hungry ghosts
  Menkaure (D:4)
  A vampire mosquito (D:9)
  2 water moccasins
  A hornet zombie (D:10)
  A sky beast (D:10)
  10 orc warriors
  A black bear (D:7)
  A necrophage (D:8)
  21 ogres
  A phantom (D:8)
  2 centaurs
  3 elf zombies (Ossuary)
  A crocodile (D:8)
  2 big kobolds
  5 bullfrogs
  A gnoll sergeant (D:9)
  2 elf skeletons (D:4)
  A wyvern skeleton (D:10)
  2 scorpions
  5 wights (D:8)
  4 killer bees (D:9)
  2 electric eels (D:10)
  A howler monkey (D:6)
  7 crimson imps
  A bullfrog zombie (D:9)
  2 centaur zombies
  4 hounds
  4 jellies
  A gnoll shaman (D:7)
  2 human skeletons (D:4)
  11 orc priests
  18 orc wizards
  Natasha (D:2)
  A bullfrog skeleton (D:4)
  3 centaur skeletons
  2 iguanas (D:4)
  Ijyb (D:2)
  10 worker ants
  A big kobold zombie (Ossuary)
  2 hound skeletons
  A mummy (Ossuary)
  9 gnolls
  A worker ant zombie (D:5)
  11 adders
  2 shadow imps
  An ooze (D:1)
  2 adder zombies (Ossuary)
  3 worms
  4 leopard geckos
  54 orcs
  3 ball pythons
  9 bats
  6 giant cockroaches
  7 goblins
  7 hobgoblins
  6 jackals
  14 kobolds
  3 quokkas
  4 frilled lizards
  A gnoll zombie (Ossuary)
  5 goblin zombies (Ossuary)
  4 hobgoblin zombies (Ossuary)
  A jackal skeleton (D:5)
  2 jackal zombies (Ossuary)
  6 kobold zombies (Ossuary)
  2 orc skeletons (D:4)
  12 rats
  2 rat zombies (Ossuary)
354 creatures vanquished.

Vanquished Creatures (collateral kills)
  2 ogre magi (Orc:2)
  A cyclops (Orc:2)
  2 two-headed ogres (Orc:2)
  5 ogres (Orc:2)
  2 orc wizards (Orc:2)
  An orc (Orc:2)
13 creatures vanquished.

Vanquished Creatures (others)
  An orc wizard (Orc:2)
1 creature vanquished.

Grand Total: 368 creatures vanquished

Notes
Turn   | Place    | Note
-------+----------+-------------------------------------------
     0 | D:1      | nventous the Minotaur Berserker began the quest for the Orb.
     0 | D:1      | Reached XP level 1. HP: 19/19 MP: 0/0
    89 | D:1      | Reached XP level 2. HP: 26/27 MP: 1/1
   108 | D:1      | Reached skill level 4 in Maces & Flails
   736 | D:1      | Reached XP level 3. HP: 32/33 MP: 2/2
   752 | D:2      | Reached skill level 5 in Maces & Flails
   772 | D:2      | Reached ** piety under Trog
   949 | D:2      | Noticed Ijyb
   967 | D:2      | Killed Ijyb
   967 | D:2      | Reached XP level 4. HP: 40/40 MP: 3/3
   985 | D:2      | Noticed Natasha
   992 | D:2      | Killed Natasha
   992 | D:2      | Reached skill level 6 in Maces & Flails
  1044 | D:2      | Noticed Sigmund
  1057 | D:2      | Killed Sigmund
  1057 | D:2      | Reached skill level 8 in Maces & Flails
  1057 | D:2      | Reached XP level 5. HP: 37/46 MP: 4/4
  1057 | D:2      | Reached XP level 6. HP: 42/52 MP: 5/5
  1982 | D:3      | Noticed Kosschaser's ghost (novice KoHu)
  1989 | D:3      | Killed Kosschaser's ghost
  1989 | D:3      | Reached skill level 9 in Maces & Flails
  1989 | D:3      | Reached XP level 7. HP: 58/58 MP: 6/6
  2140 | D:4      | Noticed Menkaure
  2143 | D:4      | Killed Menkaure
  2143 | D:4      | Reached *** piety under Trog
  2143 | D:4      | Reached skill level 10 in Maces & Flails
  2346 | D:4      | Found a sand-covered staircase.
  2356 | Ossuary  | Entered an ossuary
  2420 | Ossuary  | Reached skill level 11 in Maces & Flails
  2524 | Ossuary  | Reached XP level 8. HP: 41/66 MP: 7/7
  2678 | D:4      | Noticed Eustachio
  2721 | D:4      | Killed Eustachio
  2721 | D:4      | Reached skill level 12 in Maces & Flails
  3094 | D:4      | Found a staircase to the Ecumenical Temple.
  3103 | D:4      | Reached skill level 13 in Maces & Flails
  3169 | D:4      | Reached **** piety under Trog
  3449 | D:5      | Entered Level 5 of the Dungeon
  3497 | D:5      | Found Jolul's Weapon Shoppe.
  3535 | D:5      | Found Obiproasi's Antique Weapon Emporium.
  3543 | D:5      | Found Iklegan's Gadget Emporium.
  3743 | D:5      | Found a white marble altar of Elyvilon.
  3804 | D:5      | Found Xisiw's Book Boutique.
  3953 | D:5      | Reached XP level 9. HP: 51/71 MP: 8/8
  4243 | D:5      | Bought a +2 mace of holy wrath for 261 gold pieces
  4490 | D:6      | Got a polished war axe
  4608 | D:6      | Noticed lolicon's ghost (novice MiGl)
  4627 | D:6      | Killed lolicon's ghost
  4627 | D:6      | Reached skill level 14 in Maces & Flails
  5242 | D:7      | Reached skill level 15 in Maces & Flails
  5459 | D:7      | Identified the Guide on the Snowflakes and Poisoning
  5692 | D:7      | Received a gift from Trog
  6356 | D:8      | Found a hazy altar of Hepliaklqana.
  6381 | D:8      | Found a staircase to the Lair.
  6396 | D:8      | Reached XP level 10. HP: 38/80 MP: 9/9
  6657 | D:8      | Reached skill level 5 in Fighting
  6750 | D:8      | Reached ***** piety under Trog
  6896 | D:8      | Found a snail-covered altar of Cheibriados.
  6971 | D:8      | HP: 3/81 [orc warrior/war axe (13)]
  7158 | D:8      | Noticed Joseph
  7172 | D:8      | Killed Joseph
  7172 | D:8      | Reached skill level 5 in Armour
  7614 | D:9      | Killed an unseen horror
  7614 | D:9      | Reached skill level 5 in Dodging
  7702 | D:9      | Noticed Maurice
  7752 | D:9      | Killed Maurice
  7752 | D:9      | Received a gift from Trog
  8026 | D:9      | Noticed a skeletal warrior
  8038 | D:9      | Killed a skeletal warrior
  8211 | D:9      | Noticed a centaur warrior
  8223 | D:9      | Killed a centaur warrior
  8223 | D:9      | Reached XP level 11. HP: 29/94 MP: 10/10
  8705 | D:10     | Entered Level 10 of the Dungeon
  8743 | D:10     | Noticed a hill giant
  8752 | D:10     | Killed a hill giant
  8878 | D:10     | Noticed a hill giant
  8890 | D:10     | Killed a hill giant
  9020 | D:10     | Received a gift from Trog
  9091 | D:10     | Found a staircase to the Orcish Mines.
  9111 | Orc:1    | Entered Level 1 of the Orcish Mines
  9367 | Orc:2    | Entered Level 2 of the Orcish Mines
  9370 | Orc:2    | Found a staircase to the Elven Halls.
  9871 | Orc:2    | Noticed an orc knight
  9898 | Orc:2    | Reached skill level 10 in Fighting
  9906 | Orc:2    | Killed an orc knight
  9975 | Orc:2    | Noticed an ogre mage
  9975 | Orc:2    | Found Noujul's Jewellery Emporium.
  9975 | Orc:2    | Found Liugapal's Antique Armour Shop.
  9975 | Orc:2    | Found Mutawee Xidu's Weapon Shop.
  9975 | Orc:2    | Found Barghy's Magic Scroll Shoppe.
  9975 | Orc:2    | Noticed an ogre mage
  9975 | Orc:2    | Noticed an ogre mage
  9976 | Orc:2    | Noticed an ogre mage
  9985 | Orc:2    | Reached skill level 10 in Armour
  9992 | Orc:2    | Killed an ogre mage
  9992 | Orc:2    | Reached XP level 12. HP: 61/107 MP: 11/11
  9993 | Orc:2    | Killed an ogre mage
 10009 | Orc:2    | Killed an ogre mage
 10012 | Orc:2    | Slain by an ogre

Skill      XL: |  1  2  3  4  5  6  7  8  9 10 11 |
---------------+----------------------------------+-----
Maces & Flails | 4 5 8 9 11 13 15 | 15.7
Fighting       | 4 8 10 | 10.9
Armour         | 3 7 10 | 10.6
Dodging        | 3 6 9 |  9.7

Action                   |  1- 3 |  4- 6 |  7- 9 | 10-12 || total
-------------------------+-------+-------+-------+-------++-------
Melee: Mace              |    74 |    68 |   272 |       ||   414
       Headbutt          |     6 |     9 |    90 |   126 ||   231
       Flail             |       |       |   174 |   519 ||   693
Invok: Berserk           |       |     3 |    12 |    12 ||    27
       Trog's Hand       |       |       |     4 |     6 ||    10
       Burn Spellbooks   |       |       |       |     2 ||     2
       Brothers in Arms  |       |       |       |     3 ||     3
Evoke: Wand              |       |       |     1 |     1 ||     2
  Use: Scroll            |       |     5 |     2 |     4 ||    11
 Stab: Sleeping          |     3 |       |       |       ||     3
  Eat: Bread ration      |       |     1 |     2 |       ||     3
       Chunk             |       |     1 |    18 |    19 ||    38
       Royal jelly       |       |       |     1 |       ||     1
       Fruit             |       |       |     1 |    10 ||    11
       Pizza             |       |       |     1 |       ||     1
Armor: Animal skin       |     9 |       |       |       ||     9
       Scale mail        |     8 |     2 |       |       ||    10
       Ring mail         |       |    25 |   112 |       ||   137
       Chain mail        |       |       |     2 |   209 ||   211
Dodge: Dodged            |    36 |    40 |   194 |   243 ||   513
